 Dungeon Crawl Stone Soup version 0.28-a0-529-g3bad584f25 (webtiles) character file.

Game seed: 9812237744729376932

7578 siradein the Thrower (level 10, -8/102 HPs)
             Began as a Troll Hunter on Sept 24, 2021.
             Was an Initiate of Okawaru.
             Engulfed by a cloud of freezing vapour (24 damage)
             ... on level 6 of the Dungeon.
             The game lasted 00:45:43 (10405 turns).

siradein the Thrower (Troll Hunter)                Turns: 10405, Time: 00:45:43

Health: -8/102     AC:  8    Str: 22    XL:     10   Next: 97%
Magic:  9/9        EV: 12    Int:  7    God:    Okawaru [......]
Gold:   587        SH:  0    Dex: 13    Spells: 9/9 levels left

rFire   . . .      SeeInvis .   z - +1 whip (venom)
rCold   . . .      Faith    .   (no shield)
rNeg    . . .      Spirit   .   k - +0 acid dragon scales
rPois   .          Reflect  .   (helmet restricted)
rElec   .          Harm     .   (no cloak)
rCorr   +          Rampage  .   (gloves unavailable)
Will    .....                   (boots unavailable)
Stlth   +.........              a - amulet of regeneration
HPRegen 2.27/turn               q - ring of resist corrosion
MPRegen 0.11/turn               (no ring)

@: no status effects
A: large, unfitting armour, claws 3, regeneration 1, shaggy fur 1, tough skin 1
a: Renounce Religion


You were on level 6 of the Dungeon.
You worshipped Okawaru.
Okawaru was noncommittal.
You visited 2 branches of the dungeon, and saw 10 of its levels.

You collected 587 gold pieces.

Inventory:

Hand Weapons
 z - a +1 whip of venom (weapon)
 A - a +0 whip of flaming
Missiles
 b - 4 javelins
 c - 5 large rocks
 d - 4 throwing nets
 e - a curare-tipped dart
 f - 215 stones (quivered)
 s - 40 poisoned darts
Armour
 k - +0 acid dragon scales (worn)
 w - +0 steam dragon scales
Jewellery
 a - an amulet of regeneration (around neck)
 q - a ring of resist corrosion (left claw)
Wands
 v - a wand of charming (6)
 B - a wand of polymorph (8)
Scrolls
 h - 4 scrolls of fog
 i - 2 scrolls of amnesia
 l - 4 scrolls of fear
 n - 2 scrolls of teleportation {unknown}
 o - a scroll of summoning
 p - 2 scrolls of enchant weapon {unknown}
 t - 3 scrolls of magic mapping {unknown}
 y - 2 scrolls of blinking {unknown}
Potions
 g - a potion of magic
 j - a potion of attraction
 m - 2 potions of brilliance {unknown}
 r - a potion of invisibility {unknown}
 u - a potion of haste {unknown}
 x - a potion of curing


   Skills:
 + Level 7.3 Fighting
 + Level 7.5 Maces & Flails
 + Level 8.7 Throwing
 + Level 7.3 Dodging
 - Level 0.3 Stealth
 + Level 0.4 Invocations
 + Level 0.2 Evocations


You had 9 spell levels left.
You didn't know any spells.
Your spell library contained the following spells:

 Spells                   Type           Power      Damage    Failure   Level
 Foxfire                  Conj/Fire      0%         2x1d4     52%         1
 Pain                     Necr           0%         1d4       52%         1
 Conjure Flame            Conj/Fire      0%         6-21      87%         3
 Ignite Poison            Fire/Tmut/Pois 0%         N/A       87%         3
 Inner Flame              Hex/Fire       0%         N/A       87%         3
 Vampiric Draining        Necr           0%         2d6       87%         3
 Flame Wave               Conj/Fire      0%         3d3       99%         4
 Passage of Golubria      Tloc           N/A        N/A       99%         4
 Sticky Flame             Conj/Fire      0%         2d3       99%         4
 Silence                  Hex/Air        0%         N/A       100%        5
 Lehudib's Crystal Spear  Conj/Erth      0%         10d2      100%        8
 Animate Skeleton         Necr           Unusable   N/A       N/A         1

Dungeon Overview and Level Annotations

Branches:
Dungeon (9/15)             Temple (1/1) D:7            Lair (0/6) D:9
    Orc: D:9-12

Altars:
Ashenzari
Cheibriados
Dithmenos
Elyvilon
Fedhas
Gozag
Hepliaklqana
Kikubaaqudgha
Makhleb
Nemelex Xobeh
Okawaru
Qazlal
Ru
Sif Muna
Trog
Uskayaw
Vehumet
Wu Jian
Xom
Yredelemnul
Zin
The Shining One

Shops:
D:4 !   D:5 :

Annotations:
D:8 2 transporters
D:9 2 transporters


Innate Abilities, Weirdness & Mutations

You are too large for most types of armour.
You have claws for hands.
Your natural rate of healing is unusually fast.
You are covered in fur. (AC +1)
You have tough skin. (AC +1)


Message History

Partly explored, can't reach some items.
Partly explored, can't reach some items.
Partly explored, can't reach some items.
There is a stone staircase leading down, spattered with blood here.
Things that are here:
a +0 leather armour; a +0 club You open the door.
There is an open door here.
Really walk into a travel-excluded area?
Unknown command.
Really walk into that cloud of freezing vapour?
You are engulfed in freezing vapours.
You are engulfed in freezing vapours.
You are engulfed in freezing vapours.
You are engulfed in freezing vapours.
You are engulfed in freezing vapours.
You are engulfed in freezing vapours.
You are engulfed in freezing vapours.
* * * LOW HITPOINT WARNING * * *
You are engulfed in freezing vapours.
* * * LOW HITPOINT WARNING * * *
You are engulfed in freezing vapours.
* * * LOW HITPOINT WARNING * * *
You now have 522 gold pieces (gained 13).
You now have 543 gold pieces (gained 21).
You now have 564 gold pieces (gained 21).
You now have 579 gold pieces (gained 15).
You now have 587 gold pieces (gained 8).
You start resting.
HP restored.
Really walk into a travel-excluded area?
You are engulfed in freezing vapours.
You are engulfed in freezing vapours.
You are engulfed in freezing vapours.
You are engulfed in freezing vapours.
You are engulfed in freezing vapours.
You are engulfed in freezing vapours.
* * * LOW HITPOINT WARNING * * *
You are engulfed in freezing vapours.
You die...

#........#.#..##..........[......
#?)#######.#..##.................
#>[..............................
#[....#..........................
#..##.####.#..##.................
..........<....[.................
##################...............
.......☼.........#......^........
################@#...............
...☼○○°..○○○○○○○○#...............
##################...............
##################...............
.......# #...............
######.# #............... ## #.#
#...............
.#####.###########...............
.....>..........##...............


There were no monsters in sight!

Vanquished Creatures
  A centaur warrior (D:9)
  A hornet (D:8)
  A wraith (D:9)
  14 yaks
  2 shadows (D:8)
  A wyvern (D:8)
  A steam dragon (D:6)
  An acid dragon (D:8)
  A water moccasin (D:7)
  4 orc warriors
  3 ice beasts (D:7)
  4 necrophages
  4 centaurs
  A bullfrog (D:6)
  3 kobold brigands
  5 scorpions
  3 water moccasin zombies
  2 gnoll sergeants
  A water moccasin skeleton (D:4)
  7 killer bees
  5 wights
  A howler monkey (D:5)
  4 crimson imps (D:8)
  2 bullfrog zombies
  A hound (D:4)
  2 bullfrog skeletons
  5 orc priests
  A jelly (D:4)
  2 centaur skeletons (D:3)
  2 scorpion zombies
  4 iguanas
  4 orc wizards
  2 hound zombies (D:4)
  Robin (D:3)
  10 gnolls
  6 adders
  A shadow imp (D:7)
  A white imp (D:6)
  3 ufetubi
  3 adder zombies (D:4)
  A worm (D:3)
  2 dart slugs (D:3)
  21 orcs
  2 ball pythons (D:3)
  A bat (D:3)
  7 endoplasms
  3 giant cockroaches
  14 goblins
  10 hobgoblins
  9 jackals
  2 quokkas
  3 frilled lizards
  14 kobolds
  A quokka zombie (D:4)
  2 rats
212 creatures vanquished.

Vanquished Creatures (others)
  A withered plant (D:4)
1 creature vanquished.

Grand Total: 213 creatures vanquished

Notes
Turn   | Place    | Note
-------+----------+-------------------------------------------
     0 | D:1      | siradein the Troll Hunter began the quest for the Orb.
     0 | D:1      | Reached XP level 1. HP: 19/19 MP: 0/0
   144 | D:1      | Reached XP level 2. HP: 28/28 MP: 1/1
   145 | D:1      | Found a faded altar of an unknown god.
   890 | D:2      | Reached XP level 3. HP: 35/35 MP: 2/2
   894 | D:2      | Reached skill level 4 in Throwing
  1251 | D:2      | Reached XP level 4. HP: 40/42 MP: 3/3
  1477 | D:3      | Noticed Robin
  1639 | D:3      | Killed Robin
  1641 | D:3      | Reached skill level 1 in Maces & Flails
  1756 | D:3      | Reached XP level 5. HP: 10/50 MP: 4/4
  2000 | D:3      | Found an ornate altar of the Wu Jian Council.
  2398 | D:4      | Reached XP level 6. HP: 33/61 MP: 5/5
  2482 | D:4      | Found Kimner's Distillery.
  2564 | D:4      | Reached skill level 5 in Throwing
  2587 | D:4      | Reached XP level 7. HP: 58/67 MP: 6/6
  3305 | D:4      | Found a blossoming altar of Fedhas.
  3385 | D:5      | Entered Level 5 of the Dungeon
  3572 | D:4      | Reached XP level 8. HP: 77/78 MP: 7/7
  3655 | D:5      | Found Hisurity's Self-Improvement Boutique.
  3717 | D:5      | Found a snail-covered altar of Cheibriados.
  4223 | D:5      | Reached skill level 6 in Throwing
  4305 | D:5      | Found a broken altar of Ashenzari.
  5336 | D:6      | Reached skill level 5 in Fighting
  5336 | D:6      | Reached skill level 5 in Dodging
  5432 | D:7      | Found a staircase to the Ecumenical Temple.
  5495 | Temple   | Entered the Ecumenical Temple
  5658 | D:7      | Reached XP level 9. HP: 69/88 MP: 5/8
  5771 | D:7      | Reached skill level 5 in Maces & Flails
  6111 | D:7      | Reached skill level 7 in Throwing
  6185 | D:7      | Found a stormy altar of Qazlal.
  6508 | D:8      | Found a transporter.
  6512 | D:8      | Found a transporter.
  6669 | D:8      | Identified the ring "Laikua Ligg" {Fly rPois rF+ Will+}
  6673 | D:8      | Found a basalt altar of Yredelemnul.
  6677 | D:8      | Noticed a flayed ghost
  7308 | D:8      | Found an ancient bone altar of Kikubaaqudgha.
  7431 | D:8      | Reached XP level 10. HP: 98/98 MP: 9/9
  7768 | D:8      | Found a shimmering altar of Xom.
  8018 | D:8      | Reached skill level 8 in Throwing
  8109 | D:8      | Paralysed by a hornet for 2 turns
  8551 | D:9      | Upgraded the game from 0.28-a0-519-gbfeecf2fc5 to
                  | 0.28-a0-529-g3bad584f25
  8928 | D:9      | Noticed a centaur warrior
  8963 | D:9      | Killed a centaur warrior
  9027 | D:9      | Found a staircase to the Lair.
  9160 | D:9      | Found an iron altar of Okawaru.
  9183 | D:9      | Became a worshipper of Warmaster Okawaru
  9216 | D:9      | Found a shimmering blue altar of Sif Muna.
  9250 | D:9      | Found a transporter.
  9769 | D:9      | Found a transporter.
 10345 | D:6      | HP: 2/102 [something (18)]
 10405 | D:6      | Engulfed by a cloud of freezing vapour

Illustrated notes

Levels and vault maps discovered:
D:1:      lemuel_arrival_broad_hall, layout_basic,
          shapermc_ecumenical_altar_acropolis, minmay_misc_feat_hallway
D:2:      layout_basic
D:3:      layout_loops_ring, nicolae_overflow_crystal_walls, uniq_robin
D:4:      layout_loops_ring, kennysheep_mini_moat, serial_undead,
          serial_undead_b, serial_undead_c, serial_undead_e, serial_undead_b,
          serial_shops, nicolae_shop_crystal, minmay_misc_feat_square,
          moated_statue, hex_large, minmay_door_square, chequers_avenue
D:5:      layout_cave_pools, mainiacjoe_overflow_paths, evilmike_ruin_ashenzari,
          nicolae_shop_self_help
D:6:      lemuel_ice_spiral_2, layout_basic
D:7:      layout_loops_cross, nicolae_qazlal_style_of_elements,
          minmay_temple_entry_trees
D:8:      layout_loops_corners, led_xom_imps, gammafunk_temple_of_torment,
          minmay_stone_trees_small
D:9:      gammafunk_cloud_chamber, layout_cave_pools, marbit_many_paths,
          nicolae_sif_muna_little_library, lair_entry_dummy, patterned_corridor
Temple:   nicolae_temple_x_marks_the_god

Skill      XL: |  1  2  3  4  5  6  7  8  9 10 |
---------------+-------------------------------+-----
Fighting       | 2 3 4 5 6 7 |  7.3
Dodging        | 2 3 4 5 6 7 |  7.3
Throwing       | 4 5 6 7 8 |  8.7
Maces & Flails | 1 2 3 4 6 7 |  7.5
Stealth        | |  0.3
Invocations    | |  0.4
Evocations     | |  0.2

Action                   |  1- 3 |  4- 6 |  7- 9 | 10-12 || total
-------------------------+-------+-------+-------+-------++-------
Melee: Unarmed           |    74 |       |       |       ||    74
       Whip              |    26 |    95 |   174 |   374 ||   669
       Club              |    15 |       |       |       ||    15
       Mace              |       |    20 |       |       ||    20
       Flail             |       |   123 |   416 |       ||   539
Throw: Stone             |     1 |     3 |    35 |     9 ||    48
       Large rock        |       |       |     2 |       ||     2
  Use: Potion            |       |     1 |       |     1 ||     2
       Scroll            |       |       |     6 |     2 ||     8
 Stab: Sleeping          |     1 |       |       |       ||     1
Armor: Robe              |    37 |    51 |       |       ||    88
       Animal skin       |       |    38 |    62 |       ||   100
       Steam dragon scal |       |       |   131 |    42 ||   173
       Acid dragon scale |       |       |       |    60 ||    60
Dodge: Dodged            |    51 |   143 |   413 |   209 ||   816

Table legend: (Time is in decaauts)
 A = Elapsed time spent in this place.
 B = Non-inter-level travel time spent in this place.
 C = Inter-level travel time spent in this place.
 D = Time resting spent in this place.
 E = Time spent auto-exploring this place.
 F = Levels seen in this place.
 G = Mean time per level.
                   A        B        C        D        E       F      G
               +--------+--------+--------+--------+--------+-----+--------+
         Total |  10536 |   9971 |    565 |    925 |   5718 |  10 | 1053.6 |
       Dungeon |  10462 |   9897 |    565 |    925 |   5658 |   9 | 1162.4 |
        Temple |     74 |     74 |      0 |      0 |     60 |   1 |   74.0 |
               +--------+--------+--------+--------+--------+-----+--------+

Top non-repeatable levels by time:
     D:8: 2190 daAuts
     D:4: 1365 daAuts
     D:7: 1168 daAuts
     D:6: 1153 daAuts
     D:9: 1082 daAuts
     D:5: 987 daAuts
     D:3: 965 daAuts
     D:2: 836 daAuts
     D:1: 712 daAuts
  Temple: 74 daAuts
